PBL
TEXAS RANGERS @ COLORADO ROCKIES
04/22/2071
 
TOP OF THE 1ST
Texas Rangers batting - Pitching for Colorado Rockies : RHP Javier Ávila
Pitching: RHP Javier Ávila
Batting: LHB Ken'ichi Matsuura 0-0: Ball
1-0: Foul Ball, location: 2F
1-1: Swinging Strike
1-2: Ball
2-2: Foul Ball, location: 9LMF
2-2: Ball
3-2: SINGLE (Groundball, 6, EV 90.6 MPH) (infield hit)
Batting: SHB Cary Mench 0-0: Ball
1-0: Called Strike
Ken'ichi Matsuura is caught stealing 2nd base 2-6
1-1: Fly out, F7 (Flyball, 78S, EV 85.0 MPH)
Batting: LHB Noburo Oike 0-0: Called Strike
0-1: Ground out 4-3 (Groundball, 4, EV 81.9 MPH)
Top of the 1st over - 0 runs, 1 hit, 0 errors, 0 left on base; Texas 0 - Colorado 0
BOTTOM OF THE 1ST
Colorado Rockies batting - Pitching for Texas Rangers : RHP Bob Childers
Pitching: RHP Bob Childers
Batting: RHB Cedric McNeill 0-0: Ball
1-0: Ball
2-0: DOUBLE (Line Drive, 89XD, EV 105.0 MPH)
Batting: RHB Ryan Russell 0-0: Ball
1-0: Foul Ball, location: 9LDF
1-1: Foul Ball, location: 5SF
1-2: Foul Ball, location: 2F
1-2: Reached via error on a dropped throw from 1B, E1 (Groundball, 34S, EV 65.0 MPH)
Cedric McNeill to third
Batting: RHB Chip Smith 0-0: Called Strike
0-1: Ball
1-1: Called Strike
1-2: Ball
2-2: Foul Ball, location: 25FF
2-2: Foul Ball, location: 23F
2-2: Fly out, F7 (Line Drive, 7S, EV 92.5 MPH)
Batting: RHB Patrick Hammond 0-0: Foul Ball, location: 23F
0-1: Ball
Ryan Russell steals 2nd base
1-1: Fly out, F2 (Popup, 25F, EV 80.6 MPH)
Batting: RHB Clyde Walmsley 0-0: Called Strike
0-1: Ball
1-1: Called Strike
1-2: Ball
2-2: Ball
3-2: Foul Ball, location: 9LMF
3-2: Base on Balls
Batting: LHB Kokei Kobayashi 0-0: Called Strike
0-1: Swinging Strike
0-2: Ball
1-2: Ball
2-2: Ball
3-2: Foul Ball, location: 5F
3-2: Foul Ball, location: 2F
3-2: Fly out, F9 (Flyball, 9, EV 86.9 MPH)
Bottom of the 1st over - 0 runs, 1 hit, 1 error, 3 left on base; Texas 0 - Colorado 0
TOP OF THE 2ND
Texas Rangers batting - Pitching for Colorado Rockies : RHP Javier Ávila
Batting: LHB Michael Gutiérrez 0-0: Called Strike
0-1: SOLO HOME RUN (Flyball, 9LD, EV 96.3 MPH), Distance : 379 ft
Batting: LHB Ben Williamson 0-0: Foul Ball, location: 7LMF
0-1: SINGLE (Line Drive, 4MD, EV 104.4 MPH)
Batting: LHB Dave Baker 0-0: Called Strike
0-1: Ball
1-1: Ball
2-1: Ball
3-1: 2-RUN HOME RUN (Flyball, 9D, EV 99.4 MPH), Distance : 390 ft
Batting: LHB Claudio Valenzuela 0-0: Ball
1-0: Ball
2-0: Called Strike
2-1: Called Strike
2-2: SINGLE (Line Drive, 7S, EV 84.4 MPH)
Batting: LHB Todd O'Higgins 0-0: Called Strike
0-1: Called Strike
0-2: Strikes out swinging
Batting: RHB Gerald Weaver 0-0: Called Strike
0-1: Fielders Choice at 2nd, 5-4 (Groundball, 56, EV 86.9 MPH)
Batting: LHB Ken'ichi Matsuura 0-0: Called Strike
0-1: Ball
1-1: Ground out 5-3 (Groundball, 56S, EV 86.3 MPH)
Top of the 2nd over - 3 runs, 4 hits, 0 errors, 1 left on base; Texas 3 - Colorado 0
BOTTOM OF THE 2ND
Colorado Rockies batting - Pitching for Texas Rangers : RHP Bob Childers
Batting: RHB Rubén Alaniz 0-0: Fly out, F7 (Flyball, 7, EV 94.4 MPH)
Batting: LHB Ángel Hernández 0-0: Ball
1-0: Swinging Strike
1-1: Foul Ball, location: 3F
1-2: Ball
2-2: Foul Ball, location: 9LMF
2-2: Foul Ball, location: 23F
2-2: Strikes out looking
Batting: RHB José Hernández 0-0: Ground out 5-3 (Groundball, 56, EV 79.4 MPH)
Bottom of the 2nd over - 0 runs, 0 hits, 0 errors, 0 left on base; Texas 3 - Colorado 0
TOP OF THE 3RD
Texas Rangers batting - Pitching for Colorado Rockies : RHP Javier Ávila
Batting: SHB Cary Mench 0-0: Foul Ball, location: 2F
0-1: Ball
1-1: Fly out, F8 (Flyball, 8LXD, EV 108.8 MPH)
Batting: LHB Noburo Oike 0-0: Ball
1-0: Foul Ball, location: 7LDF
1-1: Ground out U3 (Groundball, 34S, EV 90.6 MPH)
Batting: LHB Michael Gutiérrez 0-0: Ball
1-0: Ball
2-0: Foul Ball, location: 7LMF
2-1: Ball
3-1: Foul Ball, location: 2F
3-2: Strikes out swinging
Top of the 3rd over - 0 runs, 0 hits, 0 errors, 0 left on base; Texas 3 - Colorado 0
BOTTOM OF THE 3RD
Colorado Rockies batting - Pitching for Texas Rangers : RHP Bob Childers
Batting: RHB Cedric McNeill 0-0: Ball
1-0: Ball
2-0: Called Strike
2-1: Called Strike
2-2: Foul Ball, location: 23FF
2-2: Strikes out looking
Batting: RHB Ryan Russell 0-0: Called Strike
0-1: Swinging Strike
0-2: Ball
1-2: Foul Ball, location: 9LSF
1-2: Ball
2-2: Ball
3-2: SINGLE (Groundball, 56D, EV 102.5 MPH)
Batting: RHB Chip Smith 0-0: Ball
1-0: Foul Ball, location: 5F
1-1: Ball
2-1: Ball
3-1: Base on Balls
Ryan Russell to second
Batting: RHB Patrick Hammond 0-0: Ball
1-0: Grounds into double play, 4-6-3 (Groundball, 4, EV 82.5 MPH)
Bottom of the 3rd over - 0 runs, 1 hit, 0 errors, 1 left on base; Texas 3 - Colorado 0
TOP OF THE 4TH
Texas Rangers batting - Pitching for Colorado Rockies : RHP Javier Ávila
Batting: LHB Ben Williamson 0-0: SINGLE (Line Drive, 6D, EV 93.8 MPH)
Batting: LHB Dave Baker 0-0: Ball
1-0: Called Strike
Ben Williamson steals 2nd base
1-1: Ball
2-1: Foul Ball, location: 2F
2-2: Fly out, F8 (Flyball, 8RM, EV 86.3 MPH)
Batting: LHB Claudio Valenzuela 0-0: Foul Ball, location: 2F
0-1: Ball
1-1: Ball
2-1: Fly out, F8 (Line Drive, 8LXD, EV 96.3 MPH)
Batting: LHB Todd O'Higgins 0-0: Foul Ball, location: 2F
0-1: Foul Ball, location: 2F
0-2: Foul Ball, location: 5F
0-2: Strikes out looking
Top of the 4th over - 0 runs, 1 hit, 0 errors, 1 left on base; Texas 3 - Colorado 0
BOTTOM OF THE 4TH
Colorado Rockies batting - Pitching for Texas Rangers : RHP Bob Childers
Batting: RHB Clyde Walmsley 0-0: Called Strike
0-1: Fly out, F8 (Flyball, 8RS, EV 75.0 MPH)
Batting: LHB Kokei Kobayashi 0-0: Foul Ball, location: 2F
0-1: Ball
1-1: Swinging Strike
1-2: Ball
2-2: Foul Ball, location: 5SF
2-2: Ball
3-2: Fly out, F8 (Flyball, 8LXD, EV 108.8 MPH)
Batting: RHB Rubén Alaniz 0-0: SINGLE (Line Drive, 8RS, EV 96.9 MPH)
Batting: LHB Ángel Hernández 0-0: Called Strike
0-1: Swinging Strike
0-2: Strikes out looking
Bottom of the 4th over - 0 runs, 1 hit, 0 errors, 1 left on base; Texas 3 - Colorado 0
TOP OF THE 5TH
Texas Rangers batting - Pitching for Colorado Rockies : RHP Javier Ávila
Batting: RHB Gerald Weaver 0-0: Called Strike
0-1: Ground out 3-1 (Groundball, 34S, EV 86.3 MPH)
Batting: LHB Ken'ichi Matsuura 0-0: SINGLE (Groundball, 6, EV 101.9 MPH)
Batting: SHB Cary Mench 0-0: Ball
1-0: Swinging Strike
1-1: Called Strike
1-2: Ball
2-2: Grounds out, U3 (Groundball, 3L, EV 108.8 MPH)
Batting: LHB Noburo Oike 0-0: Ball
Ken'ichi Matsuura steals 3rd base
1-0: Ball
2-0: Ball
3-0: Base on Balls
Batting: LHB Michael Gutiérrez 0-0: Foul Ball, location: 9LMF
0-1: Ball
1-1: Fly out, F5 (Popup, 56S, EV 75.6 MPH)
Top of the 5th over - 0 runs, 1 hit, 0 errors, 2 left on base; Texas 3 - Colorado 0
BOTTOM OF THE 5TH
Colorado Rockies batting - Pitching for Texas Rangers : RHP Bob Childers
Batting: RHB José Hernández 0-0: Called Strike
0-1: Foul Ball, location: 9LMFF
0-2: Ball
1-2: SINGLE (Line Drive, 4M, EV 108.8 MPH)
Batting: RHB Cedric McNeill 0-0: Ball
José Hernández steals 2nd base
1-0: Ball
2-0: Ball
3-0: Base on Balls
Pitching: RHP Jake Krause
Batting: RHB Ryan Russell 0-0: Ball
1-0: Ball
2-0: Swinging Strike
2-1: Swinging Strike
2-2: Strikes out looking
Batting: RHB Chip Smith 0-0: Foul Ball, location: 2F
0-1: Called Strike
0-2: Ball
1-2: Ball
2-2: Ball
3-2: Strikes out swinging
Batting: RHB Patrick Hammond 0-0: Ball
1-0: Called Strike
1-1: Ball
2-1: 3-RUN HOME RUN (Flyball, 7D, EV 98.8 MPH), Distance : 404 ft
Batting: RHB Clyde Walmsley 0-0: Called Strike
0-1: Ball
1-1: Foul Ball, location: 23F
1-2: SINGLE (Line Drive, 34D, EV 93.8 MPH)
Batting: LHB Kokei Kobayashi 0-0: Called Strike
0-1: Called Strike
Clyde Walmsley steals 2nd base
0-2: Ball
1-2: Ball
2-2: Ball
3-2: Foul Ball, location: 5FF
3-2: Foul Ball, location: 2F
3-2: SINGLE (Line Drive, 4MD, EV 96.3 MPH)
Clyde Walmsley to third
Runner from 3rd tries for Home, SAFE, throw by CF to home
Batting: RHB Rubén Alaniz 0-0: Foul Ball, location: 3F
0-1: Fielders Choice at 2nd, 6-4 (Groundball, 6, EV 96.3 MPH)
Bottom of the 5th over - 4 runs, 4 hits, 0 errors, 1 left on base; Texas 3 - Colorado 4
TOP OF THE 6TH
Texas Rangers batting - Pitching for Colorado Rockies : RHP Javier Ávila
Batting: LHB Ben Williamson 0-0: Ball
1-0: Swinging Strike
1-1: Foul Ball, location: 3SF
1-2: Strikes out swinging
Batting: LHB Dave Baker 0-0: Foul Ball, location: 3FF
0-1: Swinging Strike
0-2: SINGLE (Groundball, 4MD, EV 98.8 MPH)
Batting: LHB Claudio Valenzuela 0-0: Foul Ball, location: 9LDF
0-1: Foul Ball, location: 5F
0-2: Ball
1-2: Ball
2-2: DOUBLE (Line Drive, 89D, EV 98.1 MPH)
Dave Baker to third
Runner from 3rd tries for Home, SAFE, throw by RF to home
Batting: LHB Todd O'Higgins 0-0: Ball
1-0: Ball
2-0: Called Strike
2-1: Called Strike
2-2: 2-RUN HOME RUN (Flyball, 9LD, EV 96.3 MPH), Distance : 369 ft
Pitching: RHP Barney Washington
Batting: RHB Gerald Weaver 0-0: Called Strike
0-1: Foul Ball, location: 2F
0-2: Ball
1-2: Ground out 5-3 (Groundball, 56S, EV 76.3 MPH)
Batting: LHB Ken'ichi Matsuura 0-0: Ball
1-0: Foul Ball, location: 9LSF
1-1: Called Strike
1-2: Fly out, F7 (Flyball, 7S, EV 83.1 MPH)
Top of the 6th over - 3 runs, 3 hits, 0 errors, 0 left on base; Texas 6 - Colorado 4
BOTTOM OF THE 6TH
Colorado Rockies batting - Pitching for Texas Rangers : RHP Jake Krause
Batting: LHB Ángel Hernández 0-0: Ball
1-0: Ball
2-0: Ball
3-0: Base on Balls
Batting: RHB José Hernández 0-0: Foul Ball, location: 2F
0-1: Ball
1-1: Ball
2-1: Bunted foul
2-2: Ball
3-2: Foul Ball, location: 2F
3-2: Fielders Choice at 2nd, 4-6 (Groundball, 4S, EV 78.1 MPH)
Batting: RHB Cedric McNeill 0-0: Called Strike
0-1: Ball
1-1: Ball
2-1: Ball
3-1: Base on Balls
José Hernández to second
Batting: RHB Ryan Russell 0-0: Ball
José Hernández steals 3rd base
1-0: Called Strike
1-1: Called Strike
1-2: Foul Ball, location: 2F
1-2: Strikes out swinging
Pitching: LHP Dian Suharto
Batting: RHB Chip Smith 0-0: Ball
1-0: Foul Ball, location: 9LDF
1-1: Foul Ball, location: 2F
1-2: Foul Ball, location: 7LMF
1-2: Ball
2-2: Ground out 4-3 (Groundball, 4, EV 80.0 MPH)
Bottom of the 6th over - 0 runs, 0 hits, 0 errors, 2 left on base; Texas 6 - Colorado 4
TOP OF THE 7TH
Texas Rangers batting - Pitching for Colorado Rockies : RHP Barney Washington
Batting: SHB Cary Mench 0-0: Foul Ball, location: 7LSF
0-1: Swinging Strike
0-2: Ball
1-2: Ball
2-2: Ball
3-2: Foul Ball, location: 2F
3-2: Foul Ball, location: 2F
3-2: Base on Balls
Batting: LHB Noburo Oike 0-0: Called Strike
0-1: Ball
1-1: Ball
2-1: SINGLE (Flyball, 4MD, EV 92.5 MPH)
Cary Mench to second
Batting: LHB Michael Gutiérrez 0-0: Swinging Strike
0-1: Ball
1-1: Ball
2-1: Ball
3-1: Called Strike
3-2: Strikes out swinging
Batting: LHB Ben Williamson 0-0: SINGLE (Line Drive, 6D, EV 97.5 MPH)
Cary Mench to third
Noburo Oike to second
Runner from 3rd tries for Home, SAFE, throw by CF to home
Pitching: RHP Alfred Bailey
Batting: LHB Dave Baker 0-0: Ball
1-0: Ball
2-0: Called Strike
2-1: Ball
3-1: Foul Ball, location: 7LDF
3-2: Foul Ball, location: 2RF
3-2: Strikes out swinging
Batting: LHB Claudio Valenzuela 0-0: Called Strike
0-1: Ball
1-1: Foul Ball, location: 2F
1-2: Ball
2-2: Strikes out swinging
Top of the 7th over - 1 run, 2 hits, 0 errors, 2 left on base; Texas 7 - Colorado 4
BOTTOM OF THE 7TH
Colorado Rockies batting - Pitching for Texas Rangers : LHP Dian Suharto
Batting: RHB Patrick Hammond 0-0: Ball
1-0: Foul Ball, location: 23F
1-1: Called Strike
1-2: Foul Ball, location: 9LDF
1-2: SINGLE (Groundball, 4MD, EV 110.6 MPH)
Batting: RHB Clyde Walmsley 0-0: Ball
1-0: Foul Ball, location: 2F
1-1: Ball
2-1: Ball
3-1: Swinging Strike
3-2: Foul Ball, location: 3FF
3-2: Strikes out swinging
Batting: LHB Kokei Kobayashi 0-0: Called Strike
0-1: Fly out, F9 (Flyball, 89D, EV 108.8 MPH)
Batting: RHB Rubén Alaniz 0-0: Ball
1-0: Ground out U3 (Groundball, 23, EV 83.8 MPH)
Bottom of the 7th over - 0 runs, 1 hit, 0 errors, 1 left on base; Texas 7 - Colorado 4
TOP OF THE 8TH
Texas Rangers batting - Pitching for Colorado Rockies : RHP Alfred Bailey
Batting: LHB Todd O'Higgins 0-0: Called Strike
0-1: Swinging Strike
0-2: Ball
1-2: Ball
2-2: Foul Ball, location: 2F
2-2: Ball
3-2: Base on Balls
Pitching: RHP Van Collier
Batting: RHB Gerald Weaver 0-0: Fly out, F8 (Flyball, 8RXD, EV 110.6 MPH)
Batting: LHB Ken'ichi Matsuura 0-0: Ball
1-0: Swinging Strike
1-1: Foul Ball, location: 3F
1-2: DOUBLE (Line Drive, 89D, EV 110.0 MPH)
Todd O'Higgins to third
Runner from 3rd tries for Home, SAFE, throw by CF to home
Batting: SHB Cary Mench 0-0: Ball
1-0: Foul Ball, location: 2F
1-1: Ball
2-1: Swinging Strike
2-2: Ball
3-2: DOUBLE (Line Drive, 7LS, EV 108.8 MPH)
Ken'ichi Matsuura scores
Batting: LHB Noburo Oike 0-0: Foul Ball, location: 3F
0-1: Swinging Strike
0-2: Ball
1-2: Ball
2-2: Ball
3-2: Fly out, F9 (Line Drive, 9D, EV 88.1 MPH)
Runner from 2nd tags up, SAFE at 3rd, no throw by RF
Batting: LHB Michael Gutiérrez 0-0: Called Strike
0-1: Foul Ball, location: 2F
0-2: Ball
1-2: Ball
2-2: Ball
3-2: Foul Ball, location: 2F
3-2: 2-RUN HOME RUN (Flyball, 89XD, EV 99.4 MPH), Distance : 389 ft
Pitching: RHP Yasushi Fujita
Batting: LHB Ben Williamson 0-0: Ball
1-0: Ball
2-0: Foul Ball, location: 2LF
2-1: Foul Ball, location: 7LDF
2-2: DOUBLE (Line Drive, 89D, EV 103.8 MPH)
Batting: LHB Dave Baker 0-0: Called Strike
0-1: Ball
1-1: Ground out 5-3 (Groundball, 56, EV 106.9 MPH)
Top of the 8th over - 4 runs, 4 hits, 0 errors, 1 left on base; Texas 11 - Colorado 4
BOTTOM OF THE 8TH
Colorado Rockies batting - Pitching for Texas Rangers : LHP Dian Suharto
Pitching: RHP Rex Frazier
Batting: LHB Ángel Hernández 0-0: Ball
1-0: Foul Ball, location: 2F
1-1: Called Strike
1-2: Strikes out swinging, 2-3 out at first.
Batting: RHB José Hernández 0-0: Ball
1-0: Fly out, F9 (Flyball, 9, EV 86.3 MPH)
Batting: RHB Cedric McNeill 0-0: Ground out 6-3 (Groundball, 56, EV 85.6 MPH)
Bottom of the 8th over - 0 runs, 0 hits, 0 errors, 0 left on base; Texas 11 - Colorado 4
TOP OF THE 9TH
Texas Rangers batting - Pitching for Colorado Rockies : RHP Yasushi Fujita
Pitching: RHP Cooper Dubarry
Batting: LHB Claudio Valenzuela 0-0: Called Strike
0-1: Called Strike
0-2: Ball
1-2: Ground out U3 (Groundball, 3, EV 101.3 MPH)
Batting: LHB Todd O'Higgins 0-0: Called Strike
0-1: Ground out 5-3 (Groundball, 5L, EV 98.1 MPH)
Batting: RHB Gerald Weaver 0-0: Called Strike
0-1: Swinging Strike
0-2: Ball
1-2: Strikes out looking
Top of the 9th over - 0 runs, 0 hits, 0 errors, 0 left on base; Texas 11 - Colorado 4
BOTTOM OF THE 9TH
Colorado Rockies batting - Pitching for Texas Rangers : RHP Rex Frazier
Batting: RHB Ryan Russell 0-0: Ball
1-0: Swinging Strike
1-1: DOUBLE (Groundball, 5L, EV 108.8 MPH)
Pinch Hitting: RHB Felipe Andrade 0-0: Foul Ball, location: 2F
0-1: Ball
1-1: Ball
2-1: Foul Ball, location: 9LDF
2-2: Ball
3-2: Base on Balls
Batting: RHB Patrick Hammond 0-0: Swinging Strike
0-1: Called Strike
0-2: Ball
1-2: Ball
2-2: Strikes out swinging
Batting: RHB Clyde Walmsley 0-0: Fly out, F8 (Flyball, 78XD, EV 79.4 MPH)
Runner from 2nd tags up, SAFE at 3rd, no throw by CF
Batting: LHB Kokei Kobayashi 0-0: Called Strike
0-1: Ball
1-1: Foul Ball, location: 2F
1-2: Strikes out looking
Bottom of the 9th over - 0 runs, 1 hit, 0 errors, 2 left on base; Texas 11 - Colorado 4
Wednesday, April 10th , 2024 - OOTP Baseball 24.10 Build 82